 Dungeon Crawl Stone Soup version 0.30-a0-900-g23479c02f2 (webtiles) character file.

Game seed: 12825972865373754619

1754 Jeffwins the Shooter (level 9, 0/71 HPs)
             Began as a Human Wanderer on Mar 19, 2023.
             Killed from afar by a steam dragon (22 damage)
             ... with a ball of steam
             ... on level 4 of the Dungeon.
             The game lasted 00:11:04 (7189 turns).

Jeffwins the Shooter (Human Wanderer)               Turns: 7189, Time: 00:11:05

Health: 0/71       AC:  4    Str: 11    XL:     9   Next: 27%
Magic:  0/10       EV: 11    Int: 14    God:
Gold:   507        SH:  0    Dex: 17    Spells: 2/10 levels left

rFire   . . .      SeeInvis .    w - +0 shortbow
rCold   . . .      Faith    .    (shield currently unavailable)
rNeg    . . .      Spirit   +    c - +0 leather armour
rPois   .          Reflect  .    (helmet restricted)
rElec   .          Rampage  .    r - +0 cloak
rCorr   .          Clarity  +    (no gloves)
Will    +....                    (no boots)
Stlth   +++                      G - amulet of guardian spirit
HPRegen 0.31/turn                q - ring of willpower
MPRegen 0.12/turn                (no ring)

@: studying Fighting
A: horns 1, clarity
a: no special abilities


You were on level 4 of the Dungeon.
You visited 2 branches of the dungeon, and saw 9 of its levels.

You collected 507 gold pieces.


Innate Abilities, Weirdness & Mutations

You have a pair of small horns on your head.
You possess an exceptional clarity of mind.


   Skills:
 + Level 6.9 Fighting
 - Level 3.0 Staves
 * Level 7.3 Ranged Weapons
 - Level 1.0 Dodging
 - Level 5.0 Stealth
 - Level 1.0 Spellcasting
 + Level 2.4 Translocations
 + Level 3.8 Transmutations
 * Level 1.9 Ice Magic
 + Level 2.2 Evocations


You had 2 spell levels left.
You knew the following spells:

 Your Spells              Type           Power      Damage    Failure   Level
e - Beastly Appendage     Tmut           22%        N/A       8%          1
I - Blink                 Tloc           14%        N/A       19%         2
X - Wereblood             Tmut           11%        N/A       11%         2
Y - Frozen Ramparts       Ice            12%        1d2       43%         3

Your spell library contained the following spells:

 Spells                   Type           Power      Damage    Failure   Level
 Freeze                   Ice            24%        1d4       16%         1
 Magic Dart               Conj           0%         1d3       34%         1
 Necrotise                Necr           0%         1d4       34%         1
 Slow                     Hex            0%         N/A       34%         1
 Call Imp                 Summ           0%         N/A       45%         2
 Sublimation of Blood     Necr           0%         N/A       45%         2
 Ignite Poison            Fire/Tmut/Pois 4%         N/A       52%         3
 Hailstorm                Conj/Ice       3%         3d3       56%         3
 Confusing Touch          Hex            0%         N/A       71%         3
 Mephitic Cloud           Conj/Pois/Air  0%         N/A       71%         3
 Vampiric Draining        Necr           0%         2d6       71%         3
 Ice Form                 Ice/Tmut       8%         N/A       71%         4
 Manifold Assault         Tloc           7%         N/A       77%         4
 Agony                    Necr           0%         N/A       100%        5
 Simulacrum               Ice/Necr       1%         N/A       100%        6
 Storm Form               Tmut/Air       3%         N/A       100%        7
 Summon Hydra             Summ           0%         N/A       100%        7

Inventory:

Hand Weapons
 a - a +3 quarterstaff
 b - a +0 sling of freezing
 e - a +1 falchion of holy wrath
 k - a +0 dagger of venom
 s - a +1 short sword of venom
 u - a +4 trident of freezing
 v - a +4 hand axe
 w - a +0 shortbow (weapon)
Missiles
 l - 23 poisoned darts
Armour
 c - a +0 leather armour (worn)
 g - an orb of wrath
 r - a +0 cloak (worn)
Magical Staves
 F - a staff of poison
Jewellery
 p - an amulet of magic regeneration
 q - a ring of willpower (left hand)
 G - an amulet of guardian spirit (around neck)
Wands
 E - a wand of digging (5)
Scrolls
 f - 2 scrolls of amnesia
 h - a scroll of identify {@r1}
 i - 3 scrolls of immolation {!r}
 j - a scroll of fear
 o - a scroll of vulnerability {unknown}
 t - 3 scrolls of teleportation {@r4}
 x - a scroll of fog {unknown}
 y - 2 scrolls of magic mapping {unknown}
Potions
 d - 2 potions of attraction {!q}
 m - a potion of brilliance
 z - a potion of degeneration {unknown}
 A - a potion of resistance
 C - a potion of magic {unknown}
 D - 2 potions of haste {@q3}

Dungeon Overview and Level Annotations

Branches:
Dungeon (8/15)             Temple (1/1) D:5
   Lair: D:8-11

Altars:
Ashenzari
Cheibriados
Elyvilon
Fedhas
Gozag
Hepliaklqana
Kikubaaqudgha
Makhleb
Nemelex Xobeh
Okawaru
Qazlal
Ru
Sif Muna
Trog
Uskayaw
Wu Jian
Yredelemnul
The Shining One

### ##.###### #[.##...#
#.....#.###
##############........##
#......@..............##
..####.§..#######..##...
........§...## #.......
▒▒.▒▒.▒▒§▒▒..####.####..
####.###..#.....###.
#..#D.##....#..####
#..#..#D.#####....#. #
#..#S.#.##....#...... #.
▒#
###########...........#


There were no monsters in sight!


Message History

The arrow hits the two-headed ogre but does no damage.
Your attack snaps the two-headed ogre out of its fear.
The two-headed ogre is almost dead.
Fire: w) +0 shortbow
Press: ? - help, Q - select action, (/) - cycle Shift-Dir - straight line, f/p - two-headed ogre
Aim: a two-headed ogre, wielding a +0 giant spiked club and a +0 giant club (almost dead, fleeing, 79% to hit)
You shoot an arrow. The arrow hits the two-headed ogre!
The two-headed ogre is almost dead.
Fire: w) +0 shortbow
Press: ? - help, Q - select action, (/) - cycle Shift-Dir - straight line, f/p - two-headed ogre
Aim: a two-headed ogre, wielding a +0 giant spiked club and a +0 giant club (almost dead, fleeing, 79% to hit)
You shoot an arrow.
The arrow hits the two-headed ogre but does no damage.
The two-headed ogre is almost dead.
Cornered, the steam dragon turns to fight!
Fire: w) +0 shortbow
Press: ? - help, Q - select action, (/) - cycle Shift-Dir - straight line, f - steam dragon
Aim: a steam dragon (moderately wounded, 66% to hit)
You shoot an arrow.
The arrow barely misses the steam dragon.
Unknown command.
Fire: w) +0 shortbow
Press: ? - help, Q - select action, (/) - cycle Shift-Dir - straight line, f/p - steam dragon
Aim: a steam dragon (moderately wounded, 66% to hit)
You shoot an arrow.
The arrow hits the steam dragon but does no damage.
The steam dragon is moderately wounded.
The steam dragon breathes steam at you. The ball of steam hits you!!
You die...

Skill      XL: |  1  2  3  4  5  6  7  8  9 |
---------------+----------------------------+-----
Ranged Weapons | 1 2 3 4 5 7 |  7.3
Stealth        | 1 2 3 4 5 |  5.0
Fighting       | 4 5 6 |  6.9
Translocations | 2 |  2.4
Transmutations | 3 |  3.8
Evocations     | 1 2 |  2.2
Ice Magic      | 1 |  1.9
Staves         | |  3.0
Dodging        | |  1.0
Spellcasting   | |  1.0

Action                     |  1- 3 |  4- 6 |  7- 9 || total
---------------------------+-------+-------+-------++-------
  Melee: Quarterstaff      |     3 |       |       ||     3
   Fire: Sling             |    68 |   180 |    69 ||   317
         Shortbow          |       |       |   173 ||   173
  Throw: Dart              |       |    11 |     8 ||    19
         Throwing net      |       |       |     1 ||     1
  Evoke: Wand              |       |       |     5 ||     5
    Use: Scroll            |       |     5 |     6 ||    11
         Potion            |       |     5 |     7 ||    12
 Armour: Robe              |     4 |       |       ||     4
         Leather armour    |     7 |    36 |    37 ||    80
  Dodge: Dodged            |    20 |    74 |    93 ||   187

Levels and vault maps discovered:
D:1:      dpeg_arrival_tiny_g, layout_loops_ring
D:2:      layout_loops_corners, basic_altar, minmay_misc_feat_alley,
          minivault_24
D:3:      layout_loops_corners, minmay_quadrilaterals
D:4:      layout_cave_pools, minmay_manual_macuahuitl
D:5:      layout_loops_ring, trog_wizard, mainiacjoe_overflow_small_starburst,
          minmay_temple_entry_wispy, dk_noncrumbling_2, uniq_grinder
D:6:      layout_basic, mainiacjoe_overflow_24_doors,
          mainiacjoe_overflow_six_doors_small, mainiacjoe_overflow_divided_tiny
D:7:      layout_basic, grunt_temple_overflow_open, minitemple
D:8:      layout_gridville, serial_shops, nicolae_take_the_stairs,
          minmay_alternating_orb, uniq_maggie
Temple:   hellmonk_temple_two_chambers

Notes
Turn   | Place    | Note
-------+----------+-------------------------------------------
     0 | D:1      | Jeffwins the Human Wanderer began the quest for the Orb.
     0 | D:1      | Jeffwins set off with the following items: a +3
                  | quarterstaff, a potion of attraction {!q}, a +0 robe; and
                  | the following spell memorised: Beastly Appendage; and the
                  | following spells available to memorise: Ignite Poison.
     0 | D:1      | Reached XP level 1. HP: 18/18 MP: 2/2
   177 | D:1      | Reached skill level 1 in Ranged Weapons
   177 | D:1      | Reached XP level 2. HP: 24/24 MP: 3/3
   194 | D:1      | Reached skill level 1 in Stealth
   643 | D:2      | Reached XP level 3. HP: 29/29 MP: 4/4
   662 | D:2      | Reached skill level 2 in Ranged Weapons
   675 | D:2      | Found a hazy altar of Hepliaklqana.
  1017 | D:2      | Reached XP level 4. HP: 32/35 MP: 5/5
  1162 | D:2      | Reached skill level 2 in Stealth
  1576 | D:3      | Noticed a scorpion
  1591 | D:3      | Killed a scorpion
  1592 | D:3      | Reached skill level 3 in Ranged Weapons
  1592 | D:3      | Reached XP level 5. HP: 21/41 MP: 3/6
  2689 | D:4      | Noticed a phantom
  2705 | D:4      | Killed a phantom
  2706 | D:4      | Reached skill level 4 in Ranged Weapons
  2706 | D:4      | Reached skill level 3 in Stealth
  2706 | D:4      | Reached XP level 6. HP: 24/48 MP: 2/7
  2957 | D:4      | Identified a potion of resistance
  2958 | D:4      | Gained mutation: You possess an exceptional clarity of
                  | mind. [potion of mutation]
  2958 | D:4      | Gained mutation: You have a pair of small horns on your
                  | head. [potion of mutation]
  2970 | D:4      | Reached skill level 4 in Fighting
  3227 | D:4      | Reached XP level 7. HP: 55/55 MP: 8/8
  3376 | D:4      | Noticed a two-headed ogre
  3397 | D:5      | Entered Level 5 of the Dungeon
  3490 | D:5      | Found a sacrificial altar of Ru.
  3586 | D:5      | Reached skill level 5 in Ranged Weapons
  3799 | D:5      | Found a staircase to the Ecumenical Temple.
  3825 | Temple   | Entered the Ecumenical Temple
  3901 | D:5      | Noticed Grinder
  3970 | D:5      | Reached skill level 5 in Fighting
  3970 | D:5      | Reached skill level 4 in Stealth
  4430 | D:5      | Found a bloodstained altar of Trog.
  4433 | D:5      | Noticed a wizard
  4438 | D:5      | Killed a wizard
  4563 | D:6      | Learned a level 2 spell: Wereblood
  4833 | D:6      | Found a hazy altar of Hepliaklqana.
  4833 | D:6      | Found an ornate altar of the Wu Jian Council.
  4994 | D:6      | Found a shimmering blue altar of Sif Muna.
  5008 | D:6      | Found a sparkling altar of Nemelex Xobeh.
  5021 | D:6      | Reached XP level 8. HP: 51/63 MP: 5/9
  5090 | D:6      | Reached skill level 6 in Ranged Weapons
  5117 | D:6      | Learned a level 2 spell: Blink
  5887 | D:7      | Reached skill level 1 in Translocations
  5956 | D:7      | Noticed a wyvern
  5964 | D:7      | Killed a wyvern
  5965 | D:7      | Reached skill level 6 in Fighting
  5965 | D:7      | Reached skill level 3 in Transmutations
  5965 | D:7      | Reached skill level 1 in Evocations
  6002 | D:7      | Found a broken altar of Ashenzari.
  6004 | D:7      | Found a hide-covered altar of Uskayaw.
  6044 | D:7      | Found a stormy altar of Qazlal.
  6044 | D:7      | Found an opulent altar of Gozag.
  6063 | D:7      | Found a glowing golden altar of the Shining One.
  6063 | D:7      | Found an iron altar of Okawaru.
  6209 | D:7      | Reached skill level 5 in Stealth
  6505 | D:7      | Reached skill level 7 in Ranged Weapons
  6505 | D:7      | Reached skill level 2 in Translocations
  6505 | D:7      | Reached XP level 9. HP: 23/71 MP: 4/10
  6676 | D:7      | Learned a level 3 spell: Frozen Ramparts
  6779 | D:8      | HP: 7/71 [sky beast (4)]
  6780 | D:8      | HP: 1/71 [something (6)]
  7023 | D:5      | Killed Grinder
  7024 | D:5      | Reached skill level 1 in Ice Magic
  7024 | D:5      | Reached skill level 2 in Evocations
  7189 | D:4      | Killed from afar by a steam dragon

Vanquished Creatures
  Grinder (D:5)
  A wyvern (D:7)
  2 sky beasts
  A centaur (D:7)
  2 phantoms
  2 kobold brigands
  4 bullfrogs
  4 scorpions
  A jelly (D:7)
  A gnoll bouda (D:6)
  3 iguanas
  3 gnolls (D:6)
  5 adders
  2 ufetubi
  3 worms
  4 dart slugs
  7 orcs
  5 ball pythons
  11 endoplasms
  2 giant cockroaches
  4 hobgoblins
  2 jackals (D:4)
  3 quokkas
  8 bats
  2 frilled lizards
  5 goblins
  13 kobolds
  3 rats
104 creatures vanquished.

Vanquished Creatures (collateral kills)
  An orc priest (D:4)
  A sleepcap (D:4)
2 creatures vanquished.

Vanquished Creatures (others)
  A wizard (D:5)
1 creature vanquished.

Grand Total: 107 creatures vanquished

Table legend: (Time is in decaauts)
 A = Elapsed time spent in this place.
 B = Non-inter-level travel time spent in this place.
 C = Inter-level travel time spent in this place.
 D = Time resting spent in this place.
 E = Time spent auto-exploring this place.
 F = Levels seen in this place.
 G = Mean time per level.
                   A        B        C        D        E       F      G
               +--------+--------+--------+--------+--------+-----+--------+
         Total |   7291 |   6983 |    308 |    486 |   5214 |   9 |  810.1 |
       Dungeon |   7273 |   6965 |    308 |    486 |   5203 |   8 |  909.1 |
        Temple |     17 |     17 |      0 |      0 |     11 |   1 |   17.0 |
               +--------+--------+--------+--------+--------+-----+--------+

Top non-repeatable levels by time:
     D:7: 1495 daAuts
     D:5: 1263 daAuts
     D:3: 1126 daAuts
     D:2: 885 daAuts
     D:4: 856 daAuts
     D:6: 793 daAuts
     D:1: 635 daAuts
     D:8: 217 daAuts
  Temple: 17 daAuts

Table legend:
 A = Non-vault XP
 B = Vault XP
 C = Vault XP percentage of total XP
 D = Non-vault monster count
 E = Vault monster count
 F = Vault count percentage of total count
                 A         B        C        D         E       F
            +---------+---------+-------+---------+---------+-------
      Total |    1860 |     646 |  25.8 |      97 |       9 |   8.5
            +---------+---------+-------+---------+---------+-------
        D:1 |      27 |       0 |   0.0 |      14 |       0 |   0.0
        D:2 |      55 |       0 |   0.0 |      16 |       0 |   0.0
        D:3 |      38 |      85 |  69.1 |      19 |       4 |  17.4
        D:4 |     315 |      96 |  23.4 |      20 |       2 |   9.1
        D:5 |     244 |     272 |  52.7 |      11 |       1 |   8.3
        D:6 |     329 |       0 |   0.0 |       9 |       0 |   0.0
        D:7 |     629 |     193 |  23.5 |       6 |       2 |  25.0
        D:8 |     223 |       0 |   0.0 |       2 |       0 |   0.0
            +---------+---------+-------+---------+---------+-------
